 Dungeon Crawl Stone Soup version 0.17-a0-1629-g32e70c7 (webtiles) character file.

1081 KINGKRU the Covert (level 8, 0/48 HPs)
             Began as a Kobold Assassin on Aug 2, 2015.
             Was a Believer of Vehumet.
             Slain by a sky beast (6 damage)
             ... on level 5 of the Dungeon.
             The game lasted 00:32:44 (3455 turns).

KINGKRU the Covert (Kobold Assassin)                Turns: 3455, Time: 00:32:44

Health: 0/48       AC:  7    Str: 10    XL:     8   Next: 55%
Magic:  8/8        EV: 18    Int: 11    God:    Vehumet [**....]
Gold:   155        SH:  0    Dex: 19    Spells: 1 memorised, 3 levels left

rFire  . . .     SeeInvis .     a - +3 dagger
rCold  . . .     Clarity  .     m - +2 troll leather armour
rNeg   . . .     SustAt   .     (shield restricted)
rPois  .         Gourm    .     (no helmet)
rElec  .         Spirit   .     (no cloak)
rCorr  .         Warding  .     (no gloves)
rMut   .         Stasis   .     (no boots)
MR     .....                    (no amulet)
Stlth  +++++.....               (no ring)
                                (no ring)

@: not resistant to hostile enchantments, quite stealthy
A: carnivore 3, clever 1, high mp 1, shaggy fur 1
a: Renounce Religion


You were on level 5 of the Dungeon.
You worshipped Vehumet.
Vehumet was pleased with you.
You were full.

You visited 1 branch of the dungeon, and saw 5 of its levels.

You collected 266 gold pieces.
You donated 111 gold pieces to Zin.

Inventory:

Hand weapons
 a - a +3 dagger (weapon)
 b - a +0 blowgun
 h - a +0 hunting sling
Missiles
 d - 108 stones (quivered)
 e - 22 poisoned needles
 f - 2 curare-tipped needles
 q - 12 silver bolts
Armour
 m - a +2 troll leather armour (worn)
 o - a +0 pair of gloves
Magical staves
 i - an uncursed staff of conjuration
Magical devices
 r - a wand of confusion (23)
Scrolls
 c - a scroll of fog {unknown}
 j - a scroll of magic mapping
 x - a scroll of remove curse
Potions
 k - 2 potions of magic
 v - a potion of berserk rage {unknown}
 w - a potion of resistance {unknown}
 z - a potion of brilliance {unknown}
Books
 n - a book of Power

   Spells                             Type                      Level
   a - Fulminant Prism                Conjuration/Hexes            4
   b - Iskenderun's Mystic Blast      Conjuration                  4
   c - Venom Bolt                     Conjuration/Poison           5
   d - Bolt of Magma                  Conjuration/Fire/Earth       5
   e - Iron Shot                      Conjuration/Earth            6
   f - Orb of Destruction             Conjuration                  7
   g - Spellforged Servitor           Conjuration/Summoning        7
 u - a book of Unlife

   Spells                             Type                      Level
   a - Recall                         Summoning/Translocation      3
   b - Animate Dead                   Necromancy                   4
   c - Control Undead                 Necromancy                   4
   d - Cigotuvi's Embrace             Necromancy                   5
   e - Death Channel                  Necromancy                   6
   f - Simulacrum                     Ice/Necromancy               6
Comestibles
 g - a meat ration
 s - 9 fruits


   Skills:
 + Level 4.1 Fighting
 + Level 5.0 Short Blades
 + Level 2.9 Throwing
 + Level 2.7 Armour
 + Level 5.5 Dodging
 * Level 9.7 Stealth


You had 3 spell levels left.
You knew the following spells:

 Your Spells              Type           Power        Failure   Level  Hunger
a - Animate Dead          Necr           N/A          100%        4    #####..


Dungeon Overview and Level Annotations

Branches:
Dungeon (5/15)
 Temple: D:4-7

Altars:
Elyvilon
Fedhas
Ru
Vehumet
Yredelemnul
Zin


Innate Abilities, Weirdness & Mutations

You are small and have problems with some larger weapons.
You are carnivorous and can eat meat at any time.
Your mind is acute. (Int +2)
You have an increased reservoir of magic (+10% MP).
You are covered in fur (AC +1).


Message History

With Pikel's spell broken, the former slaves thank you for their freedom.
Things that are here:
a whip of flaming; a robe The sky beast flickers out of sight!
Deactivating autopickup; reactivate with Ctrl-A.
Things that are here:
a whip of flaming; a robe You hit something.
You hit something. Something barely misses you.
You hit something. Something hits you. Something shocks you.
You hit something but do no damage. Something hits you. Something shocks you.
You hit something. Something hits you. Something shocks you.
Something hits you. Something shocks you. Something hits you.
Something shocks you.
* * * LOW HITPOINT WARNING * * *
You closely miss something. Something hits you.
* * * LOW HITPOINT WARNING * * *
Something shocks you.
You die...

#.....#'##.# .#
......#p##)# .. .....
.p.#.# .# #...
...#..####.# .. ...#
..<.Y. #.# .# #..# #.#$.
#.## .# #..# ...
#..###.# #..# # .##
#...{.# #..#
#.##..†@######..########
#.......'.........#.....
####....#######.....####
#....# #...P.P.....
.......# #.#.._..###.
####...# ...#.P.P.....
#...##... #.....####
#...##.........##...
#...##.........##...


There were no monsters in sight!

Vanquished Creatures
  Pikel (D:5)
  Edmund (D:4)
  Purgy (D:2)
  A centaur (D:5)
  A scorpion (D:5)
  A hound (D:4)
  An orc priest (D:3)
  An orc wizard (D:5)
  A jelly (D:3)
  An iguana (D:4)
  A worker ant (D:4)
  4 adders
  An adder skeleton (D:4)
  4 worms
  3 giant geckos
  7 orcs
  4 bats
  5 giant cockroaches
  6 goblins
  7 hobgoblins
  2 giant newts (D:3)
  5 kobolds
  10 rats
69 creatures vanquished.

Notes
Turn   | Place    | Note
--------------------------------------------------------------
     0 | D:1      | KINGKRU the Kobold Assassin began the quest for the Orb.
     0 | D:1      | Reached XP level 1. HP: 12/12 MP: 1/1
     0 | D:1      | Noticed a shadow dragon
     1 | D:1      | Noticed an iron dragon
     1 | D:1      | Noticed a yellow draconian
     3 | D:1      | Noticed an iron dragon
     3 | D:1      | Noticed a mottled draconian
     5 | D:1      | Noticed a black draconian
     6 | D:1      | Noticed a large abomination
     7 | D:1      | Noticed a shadow dragon
     8 | D:1      | Noticed an orb of fire
    10 | D:1      | Noticed a green draconian
    22 | D:1      | Noticed a white draconian
    22 | D:1      | Noticed an orb of fire
    24 | D:1      | Noticed an iron dragon
   406 | D:1      | Reached XP level 2. HP: 12/17 MP: 2/2
   694 | D:2      | Gained mutation: Your mind is acute. (Int +2) [potion of mutation]
   694 | D:2      | Gained mutation: You are covered in fur (AC +1). [potion of mutation]
   694 | D:2      | Gained mutation: Your spells are a little easier to cast, but a little less powerful. [potion of mutation]
   940 | D:2      | Found a glowing silver altar of Zin.
  1017 | D:2      | Reached skill level 6 in Stealth
  1024 | D:2      | Reached XP level 3. HP: 20/22 MP: 3/3
  1182 | D:2      | Became a worshipper of Zin the Law-Giver
  1182 | D:2      | Acquired Zin's first power
  1183 | D:2      | Donated 48 gold pieces to Zin
  1183 | D:2      | Donated 24 gold pieces to Zin
  1183 | D:2      | Donated 12 gold pieces to Zin
  1183 | D:2      | Donated 6 gold pieces to Zin
  1183 | D:2      | Donated 3 gold pieces to Zin
  1336 | D:3      | Noticed Purgy
  1453 | D:2      | Zin protects you from harm!
  1456 | D:2      | Killed Purgy
  1456 | D:2      | Reached skill level 1 in Armour
  1456 | D:2      | Reached XP level 4. HP: 3/27 MP: 4/4
  1456 | D:2      | Reached XP level 5. HP: 3/31 MP: 5/5
  1598 | D:3      | Reached skill level 7 in Stealth
  1819 | D:3      | Found a white marble altar of Elyvilon.
  1951 | D:3      | Found a faded altar to an unknown god.
  1958 | D:3      | Acquired Zin's second power
  1967 | D:3      | Fell from the grace of Zin
  1967 | D:3      | Became a worshipper of Vehumet
  1967 | D:3      | Acquired Vehumet's first power
  1967 | D:3      | Offered knowledge of Shock by Vehumet.
  1986 | D:3      | Reached XP level 6. HP: 36/36 MP: 6/6
  2103 | D:3      | Learned a level 4 spell: Animate Dead
  2478 | D:4      | Noticed Edmund
  2546 | D:4      | Killed Edmund
  2695 | D:4      | Reached XP level 7. HP: 41/41 MP: 7/7
  2819 | D:4      | Offered knowledge of Throw Frost by Vehumet.
  2930 | D:4      | Gained mutation: You have an increased reservoir of magic (+10% MP). [potion of mutation]
  2930 | D:4      | Lost mutation: Your spells are a little easier to cast, but a little less powerful. [potion of mutation]
  2968 | D:5      | Entered Level 5 of the Dungeon
  3023 | D:5      | Reached skill level 8 in Stealth
  3032 | D:5      | Found a sacrificial altar of Ru.
  3129 | D:5      | Found a basalt altar of Yredelemnul.
  3321 | D:5      | Found a blossoming altar of Fedhas.
  3363 | D:5      | Noticed Pikel
  3415 | D:5      | Killed Pikel
  3415 | D:5      | Reached skill level 5 in Short Blades
  3415 | D:5      | Reached skill level 5 in Dodging
  3415 | D:5      | Reached skill level 9 in Stealth
  3415 | D:5      | Reached XP level 8. HP: 27/48 MP: 8/8
  3455 | D:5      | Slain by a sky beast

Vault maps used:
D:1:      shiori_arrival_whats_in_store_for_you
D:2:      zin_academy
D:3:      elyvilon_altar_3, ecumenical_altar_1, eino_tiny_chamber,
          minmay_misc_feat_columns, uniq_purgy
D:4:      first_bread, minivault_23, st_stairs_12, uniq_edmund
D:5:      yredelemnul_altar_generic, fedhas_altar_1,
          nicolae_ru_great_annihilating_truth, uniq_pikel

Action                   |  1- 3 |  4- 6 |  7- 9 || total
-------------------------+-------+-------+-------++-------
Melee: Dagger            |    95 |   199 |   139 ||   433
  Use: Scroll            |     5 |     5 |     3 ||    13
       Potion            |     2 |       |     3 ||     5
 Stab: Sleeping          |     4 |     5 |     3 ||    12
       Paralysed         |       |       |     1 ||     1
  Eat: Meat ration       |     1 |       |     1 ||     2
       Pizza             |       |       |     1 ||     1
